 Dungeon Crawl Stone Soup version 0.28.0-53-g5a82cb258f (webtiles) character file.

Game seed: 1078948132414665536

2 MiltankisOP the Grave Robber (level 1, 0/13 HPs)
             Began as a Mummy Necromancer on June 17, 2022.
             Slain by a hobgoblin (2 damage)
             ... on level 1 of the Dungeon.
             The game lasted 00:00:29 (89 turns).

MiltankisOP the Grave Robber (Mummy Necromancer)      Turns: 89, Time: 00:00:30

Health: 0/13       AC:  3    Str: 11    XL:     1   Next: 25%
Magic:  0/4        EV: 12    Int: 14    God:
Gold:   0          SH:  0    Dex: 12    Spells: 4/5 levels left

rFire   x . .      SeeInvis .   (no weapon)
rCold   + . .      Faith    .   (no shield)
rNeg    + + +      Spirit   .   a - +0 robe
rPois   ∞          Reflect  .   (no helmet)
rElec   .          Harm     .   (no cloak)
rCorr   .          Rampage  .   (no gloves)
Will    .....                   b - +0 pair of boots
Stlth   ++........              (no amulet)
HPRegen 0.04/turn               (no ring)
MPRegen 0.09/turn               (no ring)

@: no status effects
A: cold resistance 1, negative energy resistance 3, torment resistance 2, heat
vulnerability 1, no potions
a: no special abilities


You were on level 1 of the Dungeon.
You visited 1 branch of the dungeon, and saw 1 of its levels.

Inventory:

Armour
 a - a +0 robe (worn)
 b - a +0 pair of boots (worn)


   Skills:
 + Level 1.6 Dodging
 + Level 1.6 Stealth
 + Level 2.7 Spellcasting
 + Level 4.0 Necromancy


You had 4 spell levels left.
You knew the following spells:

 Your Spells              Type           Power      Damage    Failure   Level
a - Pain                  Necr           52%        1d6       4%          1

Your spell library contained the following spells:

 Spells                   Type           Power      Damage    Failure   Level
 Animate Skeleton         Necr           26%        N/A       4%          1
 Vampiric Draining        Necr           13%        2d6       13%         3
 Animate Dead             Necr           6%         N/A       38%         4
 Agony                    Necr           13%        N/A       75%         5


Dungeon Overview and Level Annotations

Branches:
Dungeon (1/15)

Altars:


Innate Abilities, Weirdness & Mutations

You are immune to poison.
Your flesh is cold resistant. (rC+)
You are immune to negative energy. (rN+++)
You are immune to unholy pain and torment.
You are vulnerable to heat. (rF-)
You do not drink.


Message History

The goblin hits you with a +0 dagger.
You hit the goblin.
You kill the goblin!
You barely miss the hobgoblin.
The hobgoblin is moderately wounded.
The hobgoblin hits you.
Casting: Pain (safe; 4% risk of failure)
Confirm with . or Enter, or press ? or * to list all spells.
Aiming: Pain (safe; 4% risk of failure)
Press: ? - help, Shift-Dir - straight line, f/p - hobgoblin
Aim: a hobgoblin (moderately wounded, chance to affect: 83%)
The hobgoblin barely resists.
The hobgoblin barely misses you.
You hit the hobgoblin.
The hobgoblin is almost dead.
The hobgoblin hits you.
* * * LOW HITPOINT WARNING * * *
You closely miss the hobgoblin.
The hobgoblin is almost dead.
The hobgoblin barely misses you.
Casting: Pain (safe; 4% risk of failure)
Confirm with . or Enter, or press ? or * to list all spells.
You don't have enough magic to cast this spell.
Casting: Pain (safe; 4% risk of failure)
Confirm with . or Enter, or press ? or * to list all spells.
You don't have enough magic to cast this spell.
Casting: Pain (safe; 4% risk of failure)
Confirm with . or Enter, or press ? or * to list all spells.
Aiming: Pain (safe; 4% risk of failure)
Press: ? - help, Shift-Dir - straight line, f/p - hobgoblin
Aim: a hobgoblin (heavily wounded, chance to affect: 83%)
The hobgoblin writhes in agony.
The hobgoblin hits you.
* * * LOW HITPOINT WARNING * * *
You see here a +0 whip.
Casting: Pain (safe; 4% risk of failure)
Confirm with . or Enter, or press ? or * to list all spells.
Aiming: Pain (safe; 4% risk of failure)
Press: ? - help, Shift-Dir - straight line, f/p - hobgoblin
Aim: a hobgoblin (severely wounded, chance to affect: 83%)
The hobgoblin barely resists.
The hobgoblin hits you.
You die...

.# #.# #.# #.#
#.# ##.# ####..#
#
#.....####+####.#
#.###.......g@..#
#.# #####..######
#.# #.## #.# ##.#
#.# #..#
#.######.##
#...)....##
#.###.##..#
##'###+###+#


You could see a hobgoblin.

Vanquished Creatures
  A goblin (D:1)
  A kobold (D:1)
2 creatures vanquished.

Notes
Turn   | Place    | Note
-------+----------+-------------------------------------------
     0 | D:1      | MiltankisOP the Mummy Necromancer began the quest for the
                  | Orb.
     0 | D:1      | Reached XP level 1. HP: 13/13 MP: 4/4
    89 | D:1      | Slain by a hobgoblin

Illustrated notes

Levels and vault maps discovered:
D:1:      lightli_arrival_quake, layout_rooms,
          hellmonk_ecumenical_altar_inner_sanctum, minivault_19

Action                   || total
-------------------------++-------
Melee: Unarmed           ||     7
 Cast: Pain              ||     7
Armor: Robe              ||     1
Dodge: Dodged            ||     6
